 Dungeon Crawl Stone Soup version 0.23-a0-681-g26ad783 (webtiles) character file.

93 galech the Skirmisher (level 4, 0/35 HPs)
             Began as a Demonspawn Fighter on Jan 10, 2019.
             Succumbed to an adder's poison
             ... on level 3 of the Dungeon.
             The game lasted 00:01:33 (1560 turns).

galech the Skirmisher (Demonspawn Fighter)          Turns: 1560, Time: 00:01:34

Health: 0/35       AC:  6    Str: 16    XL:     4   Next: 36%
Magic:  4/4        EV:  7    Int:  9    God:
Gold:   117        SH:  9    Dex: 14    Spells: 3/3 levels left

rFire    . . .     SeeInvis .   a - +0 war axe
rCold    . . .     Gourm    .   c - +0 shield
rNeg     . . .     Faith    .   b - +0 scale mail
rPois    .         Spirit   .   (no helmet)
rElec    .         Reflect  .   (no cloak)
rCorr    .         Harm     .   (no gloves)
MR       .....                  (no boots)
Stlth    ..........             (no amulet)
HPRegen  0.11/turn              (no ring)
MPRegen  0.09/turn              (no ring)

@: lethally poisoned (0 -> -11)
A: rot immunity
a: no special abilities


You were on level 3 of the Dungeon.
You were hungry.

You visited 1 branch of the dungeon, and saw 3 of its levels.

You collected 117 gold pieces.

Inventory:

Hand Weapons
 a - a +0 war axe (weapon)
Armour
 b - a +0 scale mail (worn)
 c - a +0 shield (worn)
Jewellery
 m - an uncursed ring of magical power {unknown}
Scrolls
 h - a scroll of teleportation {unknown}
 i - 4 scrolls of identify {unknown}
 j - a scroll of amnesia {unknown}
 k - 4 scrolls of enchant weapon {unknown}
 l - 2 scrolls of magic mapping {unknown}
Potions
 d - 2 potions of might
 e - 3 potions of heal wounds {unknown}
 n - a potion of degeneration {unknown}
 o - 2 potions of ambrosia {unknown}
Comestibles
 f - 5 rations
 g - 7 chunks of flesh


   Skills:
 + Level 3.4 Fighting
 + Level 2.9 Axes
 + Level 3.2 Armour
 + Level 0.4 Dodging
 + Level 3.2 Shields


You had 3 spell levels left.
You didn't know any spells.
Your spell library was empty.

Dungeon Overview and Level Annotations

Branches:
Dungeon (3/15)

Altars:
Nemelex Xobeh
Xom


Innate Abilities, Weirdness & Mutations

You are immune to rotting.


Message History

Your shield and scale mail prevent you from hitting the adder.
The adder is almost dead.
* * * LOW HITPOINT WARNING * * *
You feel sick. You block the adder's attack. The adder bites you.
* * * LOW HITPOINT WARNING * * *
You are more poisoned.
The adder poisons you!
You miss the adder.
The adder is almost dead.
* * * LOW HITPOINT WARNING * * *
You feel sick. The adder closely misses you.
The adder bites you but does no damage.
You miss the adder.
The adder is almost dead.
* * * LOW HITPOINT WARNING * * *
You feel sick. The adder bites you but does no damage.
The adder closely misses you.
You slash the adder!
You kill the adder!
You die...

#...# ########
#...###.......
+...'.>.......
#######...##........
####.........##........
.............##........
#..............)...
#..###.#...........
#.@# #.#...........
#†.# #.............
#..# ##............
#..# #.....####### #..#
##.##.# #..# #.##.#
#..# #..#.. ..%#
##.#... ......


There were no monsters in sight!

Vanquished Creatures
  3 adders
  An ooze (D:2)
  A worm (D:2)
  3 dart slugs (D:1)
  2 leopard geckos
  A ball python (D:1)
  4 bats
  4 giant cockroaches
  3 goblins
  4 hobgoblins
  10 jackals
  A frilled lizard (D:3)
  6 kobolds
  6 rats
49 creatures vanquished.

Notes
Turn   | Place    | Note
-------+----------+-------------------------------------------
     0 | D:1      | galech the Demonspawn Fighter began the quest for the Orb.
     0 | D:1      | Reached XP level 1. HP: 18/18 MP: 1/1
    88 | D:1      | Gained mutation: You are immune to rotting. [demonic
                  | ancestry]
    88 | D:1      | Reached XP level 2. HP: 20/24 MP: 2/2
   391 | D:1      | Reached XP level 3. HP: 29/29 MP: 3/3
   511 | D:1      | Found a sparkling altar of Nemelex Xobeh.
  1237 | D:2      | Found a shimmering altar of Xom.
  1483 | D:3      | Reached XP level 4. HP: 32/35 MP: 4/4
  1560 | D:3      | Succumbed to an adder's poison

Vault maps used:
D:1:      eino_arrival_water_star, minmay_misc_feat_chi,
          nemelex_xobeh_ov_fountains_minmay
D:2:      old_standard_altar
D:3:      lemuel_doored_altar, nemelex_spade_bored_becter

Skill      XL: |  1  2 |
---------------+-------+-----
Armour         | 3 |  3.2
Axes           | 2 |  2.9
Shields        | 3 |  3.2
Fighting       | |  3.4
Dodging        | |  0.4

Action                   |  1- 3 |  4- 6 || total
-------------------------+-------+-------++-------
Melee: War axe           |   132 |    47 ||   179
  Eat: Chunk             |     2 |       ||     2
Armor: Scale mail        |   106 |    22 ||   128
Dodge: Dodged            |    42 |    17 ||    59
Block: Shield            |    89 |    31 ||   120

Table legend:
 A = Non-vault XP
 B = Vault XP
 C = Vault XP percentage of total XP
 D = Non-vault monster count
 E = Vault monster count
 F = Vault count percentage of total count
                 A         B        C        D         E       F
            +---------+---------+-------+---------+---------+-------
      Total |     133 |       0 |   0.0 |      49 |       0 |   0.0
            +---------+---------+-------+---------+---------+-------
        D:1 |      48 |       0 |   0.0 |      25 |       0 |   0.0
        D:2 |      44 |       0 |   0.0 |      14 |       0 |   0.0
        D:3 |      41 |       0 |   0.0 |      10 |       0 |   0.0
            +---------+---------+-------+---------+---------+-------
